SL
CHICAGO HAWKS @ ROCKY MOUNTAIN NUGGETS
09/16/2021
 
TOP OF THE 1ST
Chicago Hawks batting - Pitching for Rocky Mountain Nuggets : LHP Alfonso Zapata
Pitching: LHP Alfonso Zapata
Batting: RHB Pedro Longoria 0-0: Called Strike
0-1: Called Strike
0-2: Ball
1-2: Strikes out looking
Batting: RHB José Lozano 0-0: Swinging Strike
0-1: Ball
1-1: Fly out, F7 (Popup, 7S)
Batting: LHB Mal Wadley 0-0: Ball
1-0: Ground out 3-1 (Groundball, 34S)
Top of the 1st over - 0 run(s), 0 hit(s), 0 error(s), 0 left on base; Chicago 0 - Rocky Mountain 0
BOTTOM OF THE 1ST
Rocky Mountain Nuggets batting - Pitching for Chicago Hawks : RHP Stuart Lee
Pitching: RHP Stuart Lee
Batting: LHB Chris Whiteside 0-0: Fly out, F9 (Flyball, 9M)
Batting: LHB Randy Bowen 0-0: Called Strike
0-1: Foul Ball, location: 2F
0-2: Ground out 3-1 (Groundball, 34)
Batting: RHB Michael Riley 0-0: Ball
1-0: Called Strike
1-1: Ball
2-1: Ground out 1-3 (Groundball, 15S)
Bottom of the 1st over - 0 run(s), 0 hit(s), 0 error(s), 0 left on base; Chicago 0 - Rocky Mountain 0
TOP OF THE 2ND
Chicago Hawks batting - Pitching for Rocky Mountain Nuggets : LHP Alfonso Zapata
Batting: RHB Ramón Gómez 0-0: Swinging Strike
0-1: Ball
1-1: Ball
2-1: Swinging Strike
2-2: Ball
3-2: Strikes out swinging
Batting: RHB Ben Ross 0-0: Called Strike
0-1: Foul Ball, location: 2F
0-2: Foul Ball, location: 2F
0-2: Ball
1-2: Foul Ball, location: 2F
1-2: Ball
2-2: Strikes out swinging
Batting: LHB Carl Gore 0-0: Called Strike
0-1: Ball
1-1: Foul Ball, location: 2F
1-2: Strikes out looking
Top of the 2nd over - 0 run(s), 0 hit(s), 0 error(s), 0 left on base; Chicago 0 - Rocky Mountain 0
BOTTOM OF THE 2ND
Rocky Mountain Nuggets batting - Pitching for Chicago Hawks : RHP Stuart Lee
Batting: RHB David Verhoeve 0-0: Ball
1-0: Ground out 6-3 (Groundball, 6)
Batting: LHB Juan Ríos 0-0: Called Strike
0-1: Fly out, F8 (Flyball, 8LD)
Batting: RHB Mark Melton 0-0: Called Strike
0-1: Ground out 5-3 (Groundball, 56)
Bottom of the 2nd over - 0 run(s), 0 hit(s), 0 error(s), 0 left on base; Chicago 0 - Rocky Mountain 0
TOP OF THE 3RD
Chicago Hawks batting - Pitching for Rocky Mountain Nuggets : LHP Alfonso Zapata
Batting: RHB Ed Whitaker 0-0: Ball
1-0: Fly out, F8 (Flyball, 8LS)
Batting: RHB Mitch Jensen 0-0: Swinging Strike
0-1: Ball
1-1: Ball
2-1: SINGLE (Line Drive, 4MD)
Batting: LHB Motoshige Kitamura 0-0: Called Strike
0-1: Ball
1-1: Ball
2-1: Foul Ball, location: 2F
2-2: Foul Ball, location: 2F
2-2: Ball
3-2: Foul Ball, location: 2F
3-2: Fly out, F9 (Flyball, 9M)
Batting: RHB Pedro Longoria 0-0: Ball
1-0: Ball
2-0: Foul Ball, location: 2F
2-1: Fly out, F7 (Flyball, 78M)
Top of the 3rd over - 0 run(s), 1 hit(s), 0 error(s), 1 left on base; Chicago 0 - Rocky Mountain 0
BOTTOM OF THE 3RD
Rocky Mountain Nuggets batting - Pitching for Chicago Hawks : RHP Stuart Lee
Batting: SHB Jim Morris 0-0: Ball
1-0: Foul Ball, location: 2F
1-1: Called Strike
1-2: Ball
2-2: Ball
3-2: Ground out 4-3 (Groundball, 4M)
Batting: RHB Juan Ávila 0-0: Called Strike
0-1: Called Strike
0-2: Strikes out looking
Batting: SHB Jorge Colomo 0-0: Ball
1-0: Called Strike
1-1: Fly out, F9 (Flyball, 89D)
Bottom of the 3rd over - 0 run(s), 0 hit(s), 0 error(s), 0 left on base; Chicago 0 - Rocky Mountain 0
TOP OF THE 4TH
Chicago Hawks batting - Pitching for Rocky Mountain Nuggets : LHP Alfonso Zapata
Batting: RHB José Lozano 0-0: Called Strike
0-1: Ball
1-1: Ball
2-1: Ball
3-1: Called Strike
3-2: SINGLE (Groundball, 6M)
Batting: LHB Mal Wadley 0-0: Ball
1-0: Foul Ball, location: 2F
1-1: Foul Ball, location: 2F
1-2: Ball
2-2: Fly out, F9 (Line Drive, 89D)
Batting: RHB Ramón Gómez 0-0: Ball
1-0: Grounds into double play, 1-6-3 (Groundball, 23)
Top of the 4th over - 0 run(s), 1 hit(s), 0 error(s), 0 left on base; Chicago 0 - Rocky Mountain 0
BOTTOM OF THE 4TH
Rocky Mountain Nuggets batting - Pitching for Chicago Hawks : RHP Stuart Lee
Batting: LHB Chris Whiteside 0-0: Called Strike
0-1: Swinging Strike
0-2: Ball
1-2: Strikes out swinging
Batting: LHB Randy Bowen 0-0: Foul Ball, location: 2F
0-1: Ball
1-1: Fly out, F6 (Popup, 6)
Batting: RHB Michael Riley 0-0: Ball
1-0: Called Strike
1-1: Called Strike
1-2: Foul Ball, location: 2F
1-2: Reached on error, E6 (Groundball, 6)
Batting: RHB David Verhoeve 0-0: Called Strike
0-1: Called Strike
0-2: Foul Ball, location: 2F
0-2: Ball
1-2: Strikes out swinging
Bottom of the 4th over - 0 run(s), 0 hit(s), 1 error(s), 1 left on base; Chicago 0 - Rocky Mountain 0
TOP OF THE 5TH
Chicago Hawks batting - Pitching for Rocky Mountain Nuggets : LHP Alfonso Zapata
Batting: RHB Ben Ross 0-0: Swinging Strike
0-1: Foul Ball, location: 2F
0-2: Ground out 6-3 (Groundball, 6)
Batting: LHB Carl Gore 0-0: Called Strike
0-1: Foul Ball, location: 2F
0-2: Strikes out swinging
Batting: RHB Ed Whitaker 0-0: Ball
1-0: Foul Ball, location: 2F
1-1: Ball
2-1: Ball
3-1: Called Strike
3-2: Strikes out looking
Top of the 5th over - 0 run(s), 0 hit(s), 0 error(s), 0 left on base; Chicago 0 - Rocky Mountain 0
BOTTOM OF THE 5TH
Rocky Mountain Nuggets batting - Pitching for Chicago Hawks : RHP Stuart Lee
Batting: LHB Juan Ríos 0-0: Ball
1-0: Ball
2-0: Foul Ball, location: 2F
2-1: Called Strike
2-2: Ball
3-2: Foul Ball, location: 2F
3-2: Strikes out swinging
Batting: RHB Mark Melton 0-0: Called Strike
0-1: Ball
1-1: Foul Ball, location: 2F
1-2: Ball
2-2: Ball
3-2: Foul Ball, location: 2F
3-2: Foul Ball, location: 2F
3-2: Fly out, F5 (Popup, 5F)
Batting: SHB Jim Morris 0-0: Ball
1-0: Foul Ball, location: 2F
1-1: Ball
2-1: Ball
3-1: SINGLE (Groundball, 4M)
Batting: RHB Juan Ávila 0-0: Called Strike
0-1: Ball
1-1: Swinging Strike
1-2: Foul Ball, location: 2F
1-2: Ball
2-2: Foul Ball, location: 2F
2-2: Foul Ball, location: 2F
2-2: Strikes out swinging
Bottom of the 5th over - 0 run(s), 1 hit(s), 0 error(s), 1 left on base; Chicago 0 - Rocky Mountain 0
TOP OF THE 6TH
Chicago Hawks batting - Pitching for Rocky Mountain Nuggets : LHP Alfonso Zapata
Batting: RHB Mitch Jensen 0-0: Ball
1-0: Foul Ball, location: 2F
1-1: Foul Ball, location: 2F
1-2: Strikes out swinging, 2-3 out at first.
Batting: LHB Motoshige Kitamura 0-0: Called Strike
0-1: Ball
1-1: Foul Ball, location: 2F
1-2: Strikes out swinging
Batting: RHB Pedro Longoria 0-0: Ball
1-0: Foul Ball, location: 2F
1-1: Ball
2-1: Ball
3-1: Called Strike
3-2: Foul Ball, location: 2F
3-2: Strikes out looking
Top of the 6th over - 0 run(s), 0 hit(s), 0 error(s), 0 left on base; Chicago 0 - Rocky Mountain 0
BOTTOM OF THE 6TH
Rocky Mountain Nuggets batting - Pitching for Chicago Hawks : RHP Stuart Lee
Batting: SHB Jorge Colomo 0-0: Called Strike
0-1: Called Strike
0-2: Ball
1-2: Strikes out swinging
Batting: LHB Chris Whiteside 0-0: Ball
1-0: Ground out U3 (Groundball, 3)
Batting: LHB Randy Bowen 0-0: Foul Ball, location: 2F
0-1: SINGLE (Line Drive, 89S)
Batting: RHB Michael Riley 0-0: Called Strike
0-1: Ground out 5-3 (Groundball, 5S)
Bottom of the 6th over - 0 run(s), 1 hit(s), 0 error(s), 1 left on base; Chicago 0 - Rocky Mountain 0
TOP OF THE 7TH
Chicago Hawks batting - Pitching for Rocky Mountain Nuggets : LHP Alfonso Zapata
Batting: RHB José Lozano 0-0: Called Strike
0-1: Fly out, F8 (Flyball, 8RM)
Batting: LHB Mal Wadley 0-0: Swinging Strike
0-1: Ball
1-1: Ball
2-1: SINGLE (Groundball, 34D)
Batting: RHB Ramón Gómez 0-0: Grounds into double play, 6-4-3 (Groundball, 6)
Top of the 7th over - 0 run(s), 1 hit(s), 0 error(s), 0 left on base; Chicago 0 - Rocky Mountain 0
BOTTOM OF THE 7TH
Rocky Mountain Nuggets batting - Pitching for Chicago Hawks : RHP Stuart Lee
Batting: RHB David Verhoeve 0-0: Ball
1-0: Ball
2-0: Called Strike
2-1: Foul Ball, location: 2F
2-2: Ball
3-2: Base on Balls
Batting: LHB Juan Ríos 0-0: Fly out, F5 (Popup, 5SF)
Batting: RHB Mark Melton 0-0: Fly out, F9 (Flyball, 9S)
Batting: SHB Jim Morris 0-0: Foul Ball, location: 2F
0-1: Foul Ball, location: 2F
0-2: Foul Ball, location: 2F
0-2: Ball
1-2: Foul Ball, location: 2F
1-2: Ball
2-2: Ball
3-2: Fly out, F8 (Flyball, 8LXD)
Bottom of the 7th over - 0 run(s), 0 hit(s), 0 error(s), 1 left on base; Chicago 0 - Rocky Mountain 0
TOP OF THE 8TH
Chicago Hawks batting - Pitching for Rocky Mountain Nuggets : LHP Alfonso Zapata
Batting: RHB Ben Ross 0-0: Ground out 4-3 (Groundball, 4)
Pinch Hitting: RHB José Ramos 0-0: Ball
1-0: Ball
2-0: Ground out 6-3 (Groundball, 6)
Batting: RHB Ed Whitaker 0-0: Called Strike
0-1: Called Strike
0-2: Strikes out swinging
Top of the 8th over - 0 run(s), 0 hit(s), 0 error(s), 0 left on base; Chicago 0 - Rocky Mountain 0
BOTTOM OF THE 8TH
Rocky Mountain Nuggets batting - Pitching for Chicago Hawks : RHP Stuart Lee
Now at 1B: Paul Wilson
Batting: RHB Juan Ávila 0-0: Ball
1-0: Ball
2-0: Called Strike
2-1: Foul Ball, location: 2F
2-2: Strikes out swinging
Batting: SHB Jorge Colomo 0-0: Ball
1-0: Foul Ball, location: 2F
1-1: SINGLE (Groundball, 56D)
Batting: LHB Chris Whiteside 0-0: Ball
1-0: Fly out, F9 (Line Drive, 9D)
Batting: LHB Randy Bowen 0-0: Called Strike
0-1: Ball
1-1: Ball
2-1: Ball
3-1: Base on Balls
Jorge Colomo to second
Batting: RHB Michael Riley 0-0: Called Strike
0-1: Foul Ball, location: 2F
0-2: Foul Ball, location: 2F
0-2: Strikes out swinging
Bottom of the 8th over - 0 run(s), 1 hit(s), 0 error(s), 2 left on base; Chicago 0 - Rocky Mountain 0
TOP OF THE 9TH
Chicago Hawks batting - Pitching for Rocky Mountain Nuggets : LHP Alfonso Zapata
Batting: RHB Mitch Jensen 0-0: Ball
1-0: Ball
2-0: DOUBLE (Line Drive, 8LXD)
Batting: LHB Motoshige Kitamura 0-0: Intentional Walk
Pinch Runner at 2nd Vern Forrest:
Batting: RHB Pedro Longoria 0-0: Called Strike
0-1: Bunted foul
0-2: Ball
1-2: Ball
2-2: Ball
3-2: Ground out 5-3 (Groundball, 5S)
Vern Forrest to third
Motoshige Kitamura to second
Batting: RHB José Lozano 0-0: Ball
1-0: Ball
2-0: Foul Ball, location: 2F
2-1: Ball
3-1: Foul Ball, location: 2F
3-2: Foul Ball, location: 2F
3-2: Foul Ball, location: 2F
3-2: Base on Balls
Batting: LHB Mal Wadley 0-0: Ball
1-0: Ball
2-0: Foul Ball, location: 2F
2-1: SINGLE (Groundball, 4MD)
Vern Forrest scores
Motoshige Kitamura to third
José Lozano to second
Runner from 3rd tries for Home, SAFE, throw made home
José Lozano to third
Mal Wadley to second
Batting: RHB Ramón Gómez 0-0: Ground out 5-3 (Groundball, 5S)
Batting: RHB Ben Ross 0-0: Called Strike
Balk!
José Lozano scores
Mal Wadley to third
0-1: Ball
1-1: Ball
2-1: Called Strike
2-2: Foul Ball, location: 2F
2-2: Ball
3-2: Base on Balls
Batting: LHB Paul Wilson 0-0: Ball
1-0: Called Strike
1-1: Called Strike
1-2: Fly out, F7 (Flyball, 78M)
Top of the 9th over - 3 run(s), 2 hit(s), 0 error(s), 2 left on base; Chicago 3 - Rocky Mountain 0
BOTTOM OF THE 9TH
Rocky Mountain Nuggets batting - Pitching for Chicago Hawks : RHP Stuart Lee
Now at 3B: Ted Young
Batting: RHB David Verhoeve 0-0: Swinging Strike
0-1: Ball
1-1: SINGLE (Line Drive, 8LS)
Pitching: RHP Robinson Gonzáles
Batting: LHB Juan Ríos 0-0: Ball
1-0: Swinging Strike
1-1: Ball
2-1: Foul Ball, location: 2F
2-2: Foul Ball, location: 2F
2-2: Foul Ball, location: 2F
2-2: Strikes out looking
Batting: RHB Mark Melton 0-0: Ball
1-0: Foul Ball, location: 2F
1-1: Fly out, F5 (Line Drive, 5)
Batting: SHB Jim Morris 0-0: Ball
1-0: Ball
2-0: Called Strike
2-1: SINGLE (Flyball, 9S)
David Verhoeve to second
Runner from 2nd tries for 3rd, OUT!
Bottom of the 9th over - 0 run(s), 2 hit(s), 0 error(s), 1 left on base; Chicago 3 - Rocky Mountain 0
This league is powered by Out of the Park Baseball, the baseball management simulation game for PC, Mac and Linux
Friday, January 22nd, 2016 - OOTP Baseball 16.9 Build 39